 Dungeon Crawl Stone Soup version 0.22-a0-268-g1cc83ef (webtiles) character file.

786 tidbits the Firebug (level 7, -3/50 (51) HPs)
             Began as a Gnoll Fire Elementalist on Mar 9, 2018.
             Was an Initiate of Cheibriados.
             Slain by a killer bee (9 damage)
             ... on level 8 of the Dungeon.
             The game lasted 00:14:36 (1805 turns).

tidbits the Firebug (Gnoll Fire Elementalist)       Turns: 1805, Time: 00:14:38

HP:   -3/50 (51)    AC:  2    Str: 14    XL:     7   Next: 86%
MP:   15/15         EV: 15    Int: 20    God:    Cheibriados [......]
Gold: 109           SH:  0    Dex: 17    Spells: 4/17 levels left

rFire    . . .     SeeInvis .   a - +0 rapier
rCold    . . .     Gourm    .   (no shield)
rNeg     + . .     Faith    .   g - +0 robe
rPois    .         Spirit   .   (no helmet)
rElec    .         Reflect  .   (no cloak)
rCorr    .         Harm     .   (no gloves)
MR       .....                  (no boots)
Stlth    +++.......             u - amulet of magic regeneration
HPRegen  0.16/turn              d - +3 ring of strength
MPRegen  0.39/turn              F - ring of positive energy

@: lethally poisoned (-3 -> -19), very slightly contaminated, very slow
A: distributed training, fangs 1, strong nose
a: Bend Time, Renounce Religion


You were on level 8 of the Dungeon.
You worshipped Cheibriados.
Cheibriados was noncommittal.
You were not hungry.

You visited 2 branches of the dungeon, and saw 9 of its levels.

You collected 109 gold pieces.

Inventory:

Hand Weapons
 a - a +0 rapier (weapon)
 h - a +0 dagger
 o - a +0 war axe
 z - a -2 war axe
 C - a +0 short sword
Missiles
 b - 31 stones (quivered)
 j - 44 arrows
 l - 19 sling bullets
 m - 6 javelins
 n - 3 tomahawks
Armour
 g - a +0 robe (worn)
 x - a +0 ring mail
 D - a +0 shield
Magical Staves
 e - an uncursed staff of energy {!a}
   (You found it on level 4 of the Dungeon)
Jewellery
 d - a +3 ring of strength (left hand)
   (You found it on level 1 of the Dungeon)
 s - an uncursed ring of flight
   (You found it on level 2 of the Dungeon)
 u - an amulet of magic regeneration (around neck)
   (You found it on level 2 of the Dungeon)
 y - an uncursed ring of ice
   (You found it on level 6 of the Dungeon)
 F - a ring of positive energy (right hand)
   (You found it on level 2 of the Dungeon)
Wands
 p - a wand of paralysis (14)
 r - a wand of enslavement (18)
Scrolls
 f - 2 scrolls of blinking
 i - a scroll of enchant weapon
 k - a scroll of random uselessness
 t - 7 scrolls of teleportation
 A - a scroll of remove curse
 B - a scroll of magic mapping
Potions
 q - a potion of brilliance
 w - a potion of ambrosia {unknown}
 E - a potion of degeneration {unknown}
Comestibles
 c - 11 rations


   Skills:
 + Level 2.7 Fighting
 + Level 2.7 Short Blades
 + Level 2.7 Long Blades
 + Level 2.7 Axes
 + Level 2.7 Maces & Flails
 + Level 2.7 Polearms
 + Level 2.7 Staves
 + Level 2.7 Slings
 + Level 2.7 Bows
 + Level 2.7 Crossbows
 + Level 2.7 Throwing
 + Level 2.7 Armour
 + Level 5.3 Dodging
 + Level 5.0 Stealth
 + Level 2.7 Shields
 + Level 2.7 Unarmed Combat
 + Level 5.7 Spellcasting
 + Level 3.1 Conjurations
 + Level 2.2 Hexes
 + Level 2.2 Charms
 + Level 2.2 Summonings
 + Level 2.2 Necromancy
 + Level 2.2 Translocations
 + Level 2.2 Transmutations
 + Level 5.9 Fire Magic
 + Level 2.2 Ice Magic
 + Level 2.2 Air Magic
 + Level 2.2 Earth Magic
 + Level 2.2 Poison Magic
 + Level 3.0 Invocations
 + Level 2.7 Evocations


You had 4 spell levels left.
You knew the following spells:

 Your Spells              Type           Power        Failure   Level  Hunger
a - Flame Tongue          Conj/Fire      ###..        1%          1    None
c - Conjure Flame         Conj/Fire      ###.....     4%          3    ##.....
j - Throw Flame           Conj/Fire      ###...       2%          2    None
r - Regeneration          Chrm/Necr      ##........   13%         3    ##.....
t - Sticky Flame          Conj/Fire      ###.....     17%         4    ####...


Dungeon Overview and Level Annotations

Branches:
Dungeon (8/15)             Temple (1/1) D:7
   Lair: D:8-11

Altars:
Ashenzari
Cheibriados
Dithmenos
Fedhas
Gozag
Makhleb
Nemelex Xobeh
Qazlal
Ru
Sif Muna
Trog
Xom
Zin


Innate Abilities, Weirdness & Mutations

Your experience applies equally to all skills.
You have very sharp teeth.
Your uncanny sense of smell can sniff out nearby items.


Message History

The human zombie is heavily damaged.
The human zombie hits you.
You hit the human zombie.
The human zombie is heavily damaged.
The human zombie hits you.
* * * LOW HITPOINT WARNING * * *
You barely miss the human zombie.
The human zombie is heavily damaged.
The human zombie misses you.
Casting: Flame Tongue (safe; 1% risk of failure)
Confirm with . or Enter, or press ? or * to list all spells.
Aiming: Flame Tongue (safe; 1% risk of failure)
Press: ? - help, Shift-Dir - straight line, f - human zombie
Aim: a human zombie (heavily damaged)
The flame tongue hits the human zombie.
The human zombie is severely damaged.
The human zombie closely misses you.
Casting: Flame Tongue (safe; 1% risk of failure)
Confirm with . or Enter, or press ? or * to list all spells.
Aiming: Sticky Flame (slightly dangerous; 17% risk of failure)
Press: ? - help, Shift-Dir - straight line, f/p - human zombie
Aim: a human zombie (severely damaged)
You miscast Sticky Flame.
You are very lightly contaminated with residual magic.
Your skin glows momentarily.
Casting: Sticky Flame (slightly dangerous; 17% risk of failure)
Confirm with . or Enter, or press ? or * to list all spells.
Aiming: Sticky Flame (slightly dangerous; 17% risk of failure)
Press: ? - help, Shift-Dir - straight line, f/p - human zombie
Aim: a human zombie (severely damaged)
You miscast Sticky Flame.
You have a brief vision of globes of primordial fire.
The human zombie hits you.
* * * LOW HITPOINT WARNING * * *
Casting: Sticky Flame (slightly dangerous; 17% risk of failure)
Confirm with . or Enter, or press ? or * to list all spells.
Aiming: Flame Tongue (safe; 1% risk of failure)
Press: ? - help, Shift-Dir - straight line, f/p - human zombie
Aim: a human zombie (severely damaged)
The flame tongue hits the human zombie.
The human zombie is almost destroyed.
The human zombie closely misses you.
Casting: Flame Tongue (safe; 1% risk of failure)
Confirm with . or Enter, or press ? or * to list all spells.
Aiming: Flame Tongue (safe; 1% risk of failure)
Press: ? - help, Shift-Dir - straight line, f/p - human zombie
Aim: a human zombie (almost destroyed)
The flame tongue hits the human zombie.
The human zombie is almost destroyed.
The human zombie closely misses you.
Casting: Flame Tongue (safe; 1% risk of failure)
Confirm with . or Enter, or press ? or * to list all spells.
Aiming: Flame Tongue (safe; 1% risk of failure)
Press: ? - help, Shift-Dir - straight line, f/p - human zombie
Aim: a human zombie (almost destroyed)
The flame tongue hits the human zombie.
You destroy the human zombie!
Cheibriados appreciates the change of pace.
There is an open door here.
Found a dagger.
A killer bee comes into view.
A killer bee comes into view.
The killer bee buzzes angrily.
You hear an angry buzzing noise. 3 killer bees come into view.
The killer bee moves out of view.
Casting: Flame Tongue (safe; 1% risk of failure)
Confirm with . or Enter, or press ? or * to list all spells.
Aiming: Sticky Flame (slightly dangerous; 17% risk of failure)
Press: ? - help, Shift-Dir - straight line, f - killer bee
Aim: a killer bee The sticky flame hits the killer bee.
The killer bee is lightly wounded.
The killer bee is covered in liquid flames!
The killer bee buzzes angrily.
The killer bee burns!
The killer bee barely misses you. The killer bee closely misses you.
The killer bee misses you.
Casting: Sticky Flame (slightly dangerous; 17% risk of failure)
Confirm with . or Enter, or press ? or * to list all spells.
Aiming: Sticky Flame (slightly dangerous; 17% risk of failure)
Press: ? - help, Shift-Dir - straight line, f - killer bee, p - killer bee
Aim: a killer bee The sticky flame hits the killer bee.
The killer bee is lightly wounded.
The killer bee is covered in liquid flames!
The killer bee burns! x2; The killer bee stings you!
* * * LOW HITPOINT WARNING * * *
You are poisoned.
The killer bee poisons you! The killer bee stings you.
* * * LOW HITPOINT WARNING * * *
You are lethally poisoned!
The killer bee poisons you! The killer bee misses you.
The killer bee stings you but does no damage.
It was a potion of magic.
Magic courses through your body.
* * * LOW HITPOINT WARNING * * *
You feel sick.
The killer bee burns! x2; The killer bee stings you.
* * * LOW HITPOINT WARNING * * *
You are more poisoned.
The killer bee poisons you! The killer bee barely misses you.
The killer bee misses you. The killer bee stings you!
You die...

...# ...... ..#
##..... ..###
...... ....##
..... .....##
#..y. ......#
#..# ......#
##y)####
......#
##yy....#
......#
##.@#.......
......#
##..####.....
.....## ###..##
.... ......#
##...## ...
#.....####..###
..
#.##.......## ∆
. ####..###..##
##..#####..#
##..##......###


You could see 4 killer bees.

Vanquished Creatures
  A hungry ghost (D:8)
  A sky beast (D:4)
  A necrophage (D:5)
  A howler monkey (D:4)
  A crimson imp (D:8)
  A hound (D:5)
  A human zombie (D:8)
  An orc priest (D:6)
  An iguana (D:5)
  3 orc wizards
  2 worker ants (D:4)
  A hound skeleton (D:6)
  A howler monkey skeleton (D:4)
  5 adders
  An adder skeleton (D:4)
  4 worms (D:2)
  3 dart slugs
  19 orcs
  A ball python (D:2)
  A giant cockroach (D:2)
  4 goblins
  4 hobgoblins
  4 jackals (D:5)
  4 kobolds
  A quokka (D:3)
  5 bats
  A frilled lizard (D:2)
  A leopard gecko skeleton (D:5)
  A rat (D:1)
75 creatures vanquished.

Notes
Turn   | Place    | Note
-------+----------+-------------------------------------------
     0 | D:1      | tidbits the Gnoll Fire Elementalist began the quest for the Orb.
     0 | D:1      | Reached XP level 1. HP: 13/13 MP: 6/6
    56 | D:2      | Reached skill level 2 in Conjurations
   174 | D:1      | Reached XP level 2. HP: 19/19 MP: 4/7
   426 | D:2      | Learned a level 2 spell: Throw Flame
   430 | D:2      | Reached XP level 3. HP: 19/25 MP: 2/9
   435 | D:2      | Learned a level 3 spell: Conjure Flame
   444 | D:2      | Reached skill level 5 in Spellcasting
   489 | D:3      | Reached skill level 1 in Invocations
   674 | D:3      | Reached skill level 1 in Fighting
   674 | D:3      | Reached skill level 1 in Short Blades
   674 | D:3      | Reached skill level 1 in Long Blades
   674 | D:3      | Reached skill level 1 in Axes
   674 | D:3      | Reached skill level 1 in Maces & Flails
   674 | D:3      | Reached skill level 1 in Polearms
   674 | D:3      | Reached skill level 1 in Staves
   674 | D:3      | Reached skill level 1 in Slings
   674 | D:3      | Reached skill level 1 in Bows
   674 | D:3      | Reached skill level 1 in Crossbows
   674 | D:3      | Reached skill level 1 in Throwing
   674 | D:3      | Reached skill level 1 in Armour
   674 | D:3      | Reached skill level 1 in Shields
   674 | D:3      | Reached skill level 1 in Unarmed Combat
   674 | D:3      | Reached skill level 1 in Evocations
   674 | D:3      | Reached XP level 4. HP: 29/32 MP: 7/11
   680 | D:3      | Learned a level 4 spell: Sticky Flame
   744 | D:4      | Noticed a sky beast
   754 | D:4      | Killed a sky beast
   754 | D:4      | Reached skill level 1 in Hexes
   754 | D:4      | Reached skill level 1 in Charms
   754 | D:4      | Reached skill level 1 in Summonings
   754 | D:4      | Reached skill level 1 in Necromancy
   754 | D:4      | Reached skill level 1 in Translocations
   754 | D:4      | Reached skill level 1 in Transmutations
   754 | D:4      | Reached skill level 1 in Ice Magic
   754 | D:4      | Reached skill level 1 in Air Magic
   754 | D:4      | Reached skill level 1 in Earth Magic
   754 | D:4      | Reached skill level 1 in Poison Magic
   754 | D:4      | Reached XP level 5. HP: 14/37 MP: 3/12
   908 | D:4      | Reached XP level 6. HP: 27/44 MP: 10/13
   922 | D:4      | Reached skill level 2 in Invocations
  1067 | D:4      | Reached skill level 5 in Dodging
  1095 | D:5      | Entered Level 5 of the Dungeon
  1118 | D:5      | Noticed a necrophage
  1124 | D:5      | Killed a necrophage
  1124 | D:5      | Reached skill level 2 in Fighting
  1124 | D:5      | Reached skill level 2 in Short Blades
  1124 | D:5      | Reached skill level 2 in Long Blades
  1124 | D:5      | Reached skill level 2 in Axes
  1124 | D:5      | Reached skill level 2 in Maces & Flails
  1124 | D:5      | Reached skill level 2 in Polearms
  1124 | D:5      | Reached skill level 2 in Staves
  1124 | D:5      | Reached skill level 2 in Slings
  1124 | D:5      | Reached skill level 2 in Bows
  1124 | D:5      | Reached skill level 2 in Crossbows
  1124 | D:5      | Reached skill level 2 in Throwing
  1124 | D:5      | Reached skill level 2 in Armour
  1124 | D:5      | Reached skill level 2 in Shields
  1124 | D:5      | Reached skill level 2 in Unarmed Combat
  1124 | D:5      | Reached skill level 2 in Evocations
  1250 | D:5      | Found a glowing silver altar of Zin.
  1260 | D:5      | Found a shattered altar of Ashenzari.
  1275 | D:5      | Reached XP level 7. HP: 36/49 MP: 6/15
  1497 | D:6      | Reached skill level 2 in Hexes
  1497 | D:6      | Reached skill level 2 in Charms
  1497 | D:6      | Reached skill level 2 in Summonings
  1497 | D:6      | Reached skill level 2 in Necromancy
  1497 | D:6      | Reached skill level 2 in Translocations
  1497 | D:6      | Reached skill level 2 in Transmutations
  1497 | D:6      | Reached skill level 2 in Ice Magic
  1497 | D:6      | Reached skill level 2 in Air Magic
  1497 | D:6      | Reached skill level 2 in Earth Magic
  1497 | D:6      | Reached skill level 2 in Poison Magic
  1506 | D:7      | Found a shadowy altar of Dithmenos.
  1550 | D:7      | Found a staircase to the Ecumenical Temple.
  1559 | Temple   | Entered the Ecumenical Temple
  1566 | Temple   | Became a worshipper of Cheibriados the Contemplative
  1608 | D:7      | Learned a level 3 spell: Regeneration
  1642 | D:8      | Noticed a hungry ghost
  1665 | D:8      | Killed a hungry ghost
  1665 | D:8      | Reached skill level 5 in Stealth
  1665 | D:8      | Reached skill level 3 in Conjurations
  1688 | D:8      | Reached skill level 3 in Invocations
  1805 | D:8      | Slain by a killer bee

Vault maps used:
D:1:      tarquinn_simple_flora_water_b
D:3:      lemuel_doored_altar, hex_medium
D:4:      minivault_11, minivault_24
D:5:      amethyst_overflow_temple_binary, first_ration
D:6:      old_standard_altar, nicolae_ossuary_entry_monument,
          uniq_crazy_yiuf_cottage
D:7:      overflow_temple_1_default, minmay_temple_entry_nine_rooms
D:8:      lemuel_mausoleum_altar_yredelemnul
Temple:   eino_temple_lava

Skill      XL: |  1  2  3  4  5  6  7 |
---------------+----------------------+-----
Conjurations   | 2 3 |  3.1
Spellcasting   | 5 |  5.7
Invocations    | 1 2 3 |  3.0
Fighting       | 1 2 |  2.7
Short Blades   | 1 2 |  2.7
Long Blades    | 1 2 |  2.7
Axes           | 1 2 |  2.7
Maces & Flails | 1 2 |  2.7
Polearms       | 1 2 |  2.7
Staves         | 1 2 |  2.7
Slings         | 1 2 |  2.7
Bows           | 1 2 |  2.7
Crossbows      | 1 2 |  2.7
Throwing       | 1 2 |  2.7
Armour         | 1 2 |  2.7
Shields        | 1 2 |  2.7
Unarmed Combat | 1 2 |  2.7
Evocations     | 1 2 |  2.7
Hexes          | 1 2 |  2.2
Charms         | 1 2 |  2.2
Summonings     | 1 2 |  2.2
Necromancy     | 1 2 |  2.2
Translocations | 1 2 |  2.2
Transmutations | 1 2 |  2.2
Ice Magic      | 1 2 |  2.2
Air Magic      | 1 2 |  2.2
Earth Magic    | 1 2 |  2.2
Poison Magic   | 1 2 |  2.2
Dodging        | 5 |  5.3
Stealth        | 5 |  5.0
Fire Magic     | |  5.9

Action                   |  1- 3 |  4- 6 |  7- 9 || total
-------------------------+-------+-------+-------++-------
Melee: Short sword       |     1 |     5 |     2 ||     8
       Rapier            |       |       |    40 ||    40
       Bite              |       |       |     8 ||     8
 Cast: Flame Tongue      |    63 |    74 |    36 ||   173
       Sticky Flame      |       |     6 |     9 ||    15
       Throw Flame       |       |     4 |     3 ||     7
Evoke: Staff of energy   |       |     3 |       ||     3
  Use: Scroll            |     4 |     1 |     3 ||     8
       Potion            |     3 |       |     1 ||     4
 Stab: Sleeping          |       |       |     2 ||     2
  Eat: Chunk             |       |     1 |     1 ||     2
       Ration            |       |       |     2 ||     2
Armor: Robe              |     1 |     6 |     7 ||    14
Dodge: Dodged            |    14 |    49 |    43 ||   106

Table legend:
 A = Spawn XP
 B = Non-spawn XP
 C = Spawn XP percentage of total XP
 D = Spawn monster count
 E = Non-spawn monster count
 F = Spawn count percentage of total count
 G = Total turns spent on level
                    A         B        C        D         E        F      G
               +---------+---------+-------+---------+---------+-------+---------
         Total |       0 |    1123 |   0.0 |       0 |      75 |   0.0 |  1805
               +---------+---------+-------+---------+---------+-------+---------
           D:1 |       0 |      15 |   0.0 |       0 |       8 |   0.0 |   294
           D:2 |       0 |      37 |   0.0 |       0 |      15 |   0.0 |   254
           D:3 |       0 |      59 |   0.0 |       0 |      11 |   0.0 |   319
           D:4 |       0 |     332 |   0.0 |       0 |      13 |   0.0 |   228
           D:5 |       0 |     330 |   0.0 |       0 |      18 |   0.0 |   339
           D:6 |       0 |      71 |   0.0 |       0 |       6 |   0.0 |    72
           D:8 |       0 |     279 |   0.0 |       0 |       4 |   0.0 |   168
               +---------+---------+-------+---------+---------+-------+---------

Table legend:
 A = Turns spent in this place as a percentage of turns spent in the entire game.
 B = Non-inter-level travel turns spent in this place as a percentage of non-inter-level travel turns spent in the entire game.
 C = Inter-level travel turns spent in this place as a percentage of turns spent in this place.
 D = Turns resting spent in this place as a percentage of non-inter-level travel turns spent in this place.
 E = Turns spent auto-exploring this place as a percentage of non-inter-level travel turns spent in this place.
 F = Non-inter-level travel turns spent in this place divided by the number of levels of this place that you've seen.
                   A       B       C       D       E      F
               +-------+-------+-------+-------+-------+----------------------
         Total | 100.0 | 100.0 |   1.0 |   0.0 |   0.0 | 198.6
       Dungeon |  99.2 |  99.2 |   1.0 |   0.0 |   0.0 | 221.5
        Temple |   0.8 |   0.8 |   0.0 |   0.0 |   0.0 |  15.0
               +-------+-------+-------+-------+-------+----------------------

Table legend:
 A = Kills in this place as a percentage of kills in entire the game.
 B = Kills by you in this place as a percentage of kills by you in the entire game.
 C = Kills by friends in this place as a percentage of kills by friends in the entire game.
 D = Other kills in this place as a percentage of other kills in the entire game.
 E = Experience gained in this place as a percentage of experience gained in the entire game.
 F = Experience gained in this place divided by the number of levels of this place that you have seen.
                   A       B       C       D       E      F
               +-------+-------+-------+-------+-------+----------------------
         Total | 100.0 | 100.0 |   N/A |   N/A | 100.0 | 124.8
       Dungeon | 100.0 | 100.0 |   N/A |   N/A | 100.0 | 140.4
               +-------+-------+-------+-------+-------+----------------------

Vault maps used:
D:1:      tarquinn_simple_flora_water_b
D:3:      lemuel_doored_altar, hex_medium
D:4:      minivault_11, minivault_24
D:5:      amethyst_overflow_temple_binary, first_ration
D:6:      old_standard_altar, nicolae_ossuary_entry_monument,
          uniq_crazy_yiuf_cottage
D:7:      overflow_temple_1_default, minmay_temple_entry_nine_rooms
D:8:      lemuel_mausoleum_altar_yredelemnul
Temple:   eino_temple_lava
